[Event "Betsys MČR v online bleskovém šachu 2021"]
[Site "Chess.com"]
[Date "2021.04.17"]
[Round "6"]
[White "Staci_fiknout_Navara_Plat"]
[Black "Svandik49"]
[Result "0-1"]
[WhiteElo "1903"]
[BlackElo "2262"]
[TimeControl "180+1"]
[EndTime "9:59:06 PDT"]
[Termination "Uživatel Svandik49 zvítězil po vzdání soupeře"]

1. c4 e5 2. Nc3 Bb4 3. g3 Nf6 4. Bg2 Bxc3 5. bxc3 O-O 6. c5 Qe7 7. d4 Re8 8. Bg5 h6 9. Bxf6 Qxf6 10. e3 d6 11.
cxd6 Qxd6 12. Ne2 exd4 13. cxd4 Qb4+ 14. Qd2 Qxd2+ 15. Kxd2 c6 16. Rab1 Nd7 17. Rhc1 Nb6 18. Nc3 Be6 19. a4 Rad8 20. Ne2 Rd7 21. Rb4 Nd5 22.
Bxd5 Bxd5 23. a5 Bf3 24. a6 bxa6 25. Ra4 Rb8 26. Nf4 Rb2+ 27. Rc2 Rxc2+ 28. Kxc2 c5 29. Rxa6 cxd4 30. exd4 g5 31. Nd3 Rxd4 32. Rxa7 Be4 33. Ra3 Kg7 34. Kd2 Rd6 35. Ke3 Bg6 36. Ne5 Re6 37.
Kd4 Bf5 38. Re3 Rd6+ 39. Kc3 Rd1 40. h4 gxh4 41. gxh4 Rh1 42. Rf3 Be6 43. Rf4 Rh3+ 44. Kd4 Ra3 45. Ke4 Ra2 46. Ke3 Ra3+ 47. Ke4 f5+ 48. Kd4 Kf6 49. Nd3 Ra4+ 50. Ke3 Ra3 51. Kd4 Ra2 52. Nc5 Rd2+ 53. Ke3 Rd6 54. Nxe6 Rxe6+ 55. Kf3 Ke5 56. Kg3 Rg6+ 57. Kf3 Rg1 58. Ke3 Rh1 59. Kf3 Rh3+ 60. Kg2 Kxf4 61. Kxh3 Kf3 62. h5 Kxf2 63. Kh4 f4 64. Kh3 Ke2 65.
Kh4 f3 66. Kg4 f2 67. Kf5 f1=Q+ 68. Kg6 Qf8 69. Kh7 Kf3 70. Kg6 Kg4 71. Kh7 Kf4 72. Kg6 Qh8 73. Kf7 Kg4 0-1

[Event "Betsys MČR v online bleskovém šachu 2021"]
[Site "Chess.com"]
[Date "2021.04.17"]
[Round "6"]
[White "Varinius"]
[Black "JustFilip05"]
[Result "1-0"]
[WhiteElo "2435"]
[BlackElo "2137"]
[TimeControl "180+1"]
[EndTime "9:59:08 PDT"]
[Termination "Uživatel Varinius zvítězil na čas"]

1. d4 Nf6 2. Nf3 g6 3. c4 Bg7 4. Nc3 O-O 5. e4 d6 6. h3 c5 7. d5 e5 8. Be2 a6 9. a4 Ne8 10. h4 h6 11. h5 g5 12. Nh2 f5 13. exf5 Bxf5 14. Bg4 Qd7 15. Be3 Nf6 16. Be2 Qf7 17. g4 Bh7 18. Bd3 e4 19. Bc2 Nfd7 20. Qe2 Re8 21.
O-O Bd4 22. Rae1 Ne5 23. Bxe4 Bxe4 24. Nxe4 Qe7 25. b3 Nbd7 26. Bxd4 cxd4 27. Qd2 d3 28. Ng3 Qf6 29. Ne4 Qe7 30. f4 gxf4 31. Qxf4 Rf8 32. Qxh6 Rxf1+ 33. Rxf1 Qg7 34. Qxg7+ Kxg7 35. Nxd6 Rf8 36. Nf5+ Kf6 37. Nd6+ Kg5 38. Rxf8 Nxf8 39.
Kf2 b6 40. Nf3+ Nxf3 41. Kxf3 Nd7 42. Ke3 Nc5 43. b4 Nd7 44. Kxd3 Ne5+ 45. Kc3 Nxg4 46. b5 axb5 47. axb5 Ne5 48. Nc8 Nd7 49. Kd4 Kxh5 50. Ne7 Kg5 51. d6 Kf6 52. Kd5 Ne5 53. Nc6 Nd7 54. Nd4 Kf7 55. Kc6 Ne5+ 56. Kd5 Nd7 57. Nb3 Ke8 58. Nd2 Kd8 59. Ne4 Kc8 60. Kc6 Ne5+ 61.
Kxb6 Nxc4+ 62. Kc6 Ne5+ 63. Kc5 Nd3+ 64. Kd4 Nb4 65.
Nc5 Nc2+ 66. Kd5 Ne3+ 67. Kc6 Nc4 68. d7+ 1-0

[Event "Betsys MČR v online bleskovém šachu 2021"]
[Site "Chess.com"]
[Date "2021.04.17"]
[Round "6"]
[White "sipos88"]
[Black "DavidekIII"]
[Result "1/2-1/2"]
[WhiteElo "1866"]
[BlackElo "2194"]
[TimeControl "180+1"]
[EndTime "9:59:15 PDT"]
[Termination "Remíza opakováním pozice"]

1. e4 c6 2. g3 d5 3. exd5 cxd5 4. d4 Nc6 5. f4 Nf6 6. Bg2 Bf5 7. c3 e6 8. Nf3 Bd6 9. O-O Qc7 10. Ne5 h5 11. Nd2 Ng4 12. Ndf3 f6 13.
Nxc6 bxc6 14. h3 Nh6 15. Nh4 g6 16. Nxf5 Nxf5 17. Qf3 Kf7 18. Bd2 Rab8 19. b4 a5 20. a3 axb4 21. axb4 Ra8 22. Rxa8 Rxa8 23. g4 hxg4 24.
hxg4 Ng7 25. Re1 Ra2 26. Be3 Qa7 27. Re2 Rxe2 28. Qxe2 Qa1+ 29. Kf2 Qxc3 30. Qd2 Qxb4 31.
Qa2 Qb7 32. Bf1 Qc7 33. Qa8 Bxf4 34. Be2 Bxe3+ 35. Kxe3 Qg3+ 36. Kd2 Qf4+ 37. Ke1 Qc1+ 38.
Kf2 Qf4+ 39. Ke1 Qc7 40. Qa6 Ne8 41. Qa8 Ke7 42. Qa3+ Qd6 43. Qa7+ Qd7 44. Qa3+ Nd6 45. Qh3 Kd8 46. Qh8+ Kc7 47. Qxf6 Ne4 48. Qxg6 Qe7 49.
Qh6 Qb4+ 50. Kf1 Qb1+ 51. Kg2 Qc2 52. Qf4+ Kb7 53. Qe3 Qd2 54. Qxd2 Nxd2 55. g5 Ne4 56. g6 Nf6 57. g7 c5 58. Bh5 Kc6 59. dxc5 Kxc5 60.
Bf7 e5 61. Kf2 e4 62. Ke3 Kd6 63. g8=Q Nxg8 64. Bxg8 Ke5 65. Bxd5 Kxd5 66. Ke2 Kd4 67. Kd2 e3+ 68. Ke2 Ke4 69. Ke1 Kd3 70. Kd1 Kc3 71. Ke2 Kd4 72. Ke1 Kc4 73. Ke2 Kd4 74.
Ke1 Ke4 75. Ke2 Kf4 76. Ke1 Kf3 77. Kf1 Kg3 78. Ke2 Kf4 79. Ke1 Kg4 80. Ke2 Kf4 1/2-1/2

[Event "Betsys MČR v online bleskovém šachu 2021"]
[Site "Chess.com"]
[Date "2021.04.17"]
[Round "6"]
[White "milanpetras"]
[Black "DrStillestein"]
[Result "1-0"]
[WhiteElo "1846"]
[BlackElo "2100"]
[TimeControl "180+1"]
[EndTime "9:59:16 PDT"]
[Termination "Uživatel milanpetras zvítězil matem"]

1. e4 c5 2. Nf3 Nc6 3. c3 g6 4. d4 cxd4 5. cxd4 d5 6. exd5 Qxd5 7. Nc3 Qd6 8. d5 Ne5 9. Bb5+ Bd7 10. Bxd7+ Nxd7 11. Qd4 Ngf6 12. Bf4 Qb6 13. Qd2 Bg7 14. O-O O-O 15.
Rac1 Rac8 16. Be3 Qa6 17. a4 Nb6 18. b3 Rfd8 19. h3 h5 20. Bd4 Nbd7 21. Qe3 Kf8 22. Rfd1 Qd6 23. Bxa7 Nc5 24. Nb5 Qa6 25. Bxc5 Re8 26.
Bxe7+ Kg8 27. Rxc8 Rxc8 28. d6 Nd7 29. Nfd4 Qb6 30.
Nf3 Qc6 31. Nfd4 Qd5 32. Nc7 Qa5 33. Qe2 Qb6 34. Qb5 Qxb5 35. Ndxb5 Nc5 36. d7 Nxd7 37. Rxd7 Be5 38. Rd8+ Rxd8 39. Bxd8 Kg7 40. Kf1 f5 41. Ke2 Kf7 42. Kd3 g5 43. f3 g4 44. Nd5 gxf3 45.
gxf3 Ke6 46. Nb4 Bg3 47. Nc2 Kd5 48. Ne3+ Kc6 49. Bg5 f4 50. Ng2 Bf2 51. Bxf4 Bc5 52. Be3 Be7 53. f4 Kd5 54. f5 Ke5 55. Bd4+ Kxf5 56.
Ke2 Ke4 57. Bg7 Bc5 58. Nc3+ Kf5 59. Nd5 Ke6 60. Ngf4+ Kf7 61. b4 Bd6 62. Bd4 Ke8 63.
b5 Kd7 64. a5 Kc8 65. a6 bxa6 66. bxa6 Bb8 67. Nxh5 Bd6 68. Nhf6 Bg3 69. h4 Bxh4 70. Ke3 Bg3 71. Ke4 Bd6 72. Kd3 Bg3 73. Kc4 Bb8 74.
Kb5 Kd8 75. Kb6 Kc8 76. Ne4 Ba7+ 77. Kxa7 Kd7 78. Kb7 Ke6 79. a7 Kxd5 80. a8=Q Kxe4 81. Qe8+ Kxd4 82. Kc6 Kc4 83. Qe4+ Kc3 84. Kc5 Kd2 85. Qf3 Kc1 86. Kc4 Kb1 87. Qe2 Ka1 88. Kb3 Kb1 89.
Qb2# 1-0

[Event "Betsys MČR v online bleskovém šachu 2021"]
[Site "Chess.com"]
[Date "2021.04.17"]
[Round "6"]
[White "RousekJan"]
[Black "vasekpaulus"]
[Result "1-0"]
[WhiteElo "1806"]
[BlackElo "2054"]
[TimeControl "180+1"]
[EndTime "9:59:21 PDT"]
[Termination "Uživatel RousekJan zvítězil na čas"]

1. d4 Nf6 2. c4 c5 3. d5 b5 4.
cxb5 a6 5. e3 g6 6. bxa6 Bxa6 7.
Bxa6 Qa5+ 8. Nc3 Qxa6 9. Nge2 Bg7 10. O-O d6 11. b3 O-O 12. Bb2 Nbd7 13. Qc2 Rfb8 14.
Rfb1 h5 15. Ng3 Ng4 16. Nce4 Nge5 17. f4 Ng4 18. Bxg7 Kxg7 19. h3 Ngf6 20. Nxf6 Nxf6 21. e4 h4 22. Nf1 Nd7 23. Ne3 f6 24. Nc4 Nb6 25.
Nxb6 Rxb6 26. Qc3 Rb4 27. e5 Rxf4 28. exf6+ Rxf6 29. Rf1 Rf8 30. Rxf6 Rxf6 31. a3 Qe2 32. Rc1 Qf2+ 33. Kh1 Kh7 34. Qc2 Rf5 35. Qxf2 Rxf2 36. Rc4 Ra2 37. Rxh4+ Kg7 38. b4 Rxa3 39. bxc5 dxc5 40.
Rc4 Ra5 41. Rd4 Kf6 42. Re4 Ra6 43. Rc4 Ra5 44. Re4 c4 45. Re6+ Kf7 46. Rc6 Rxd5 47.
Rxc4 e5 48. Kh2 Kf6 49. Rc6+ Kf5 50. Rc3 e4 51. Kg3 Ke5 52. Kf2 Kd4 53. Rc2 Kd3 54.
Rc1 e3+ 55. Ke1 Rg5 56. Rd1+ Ke4 57. Kf1 Ra5 58. Re1 Ra2 59. Kg1 Kd3 60. Kf1 e2+ 61. Kf2 Rd2 62. Kf3 g5 63. g3 Ra2 64. h4 gxh4 65.
gxh4 Ra6 66. Kf2 Rf6+ 67. Kg3 Kd2 68. Rxe2+ Kxe2 69. Kg4 Ke3 70. Kg5 1-0

[Event "Betsys MČR v online bleskovém šachu 2021"]
[Site "Chess.com"]
[Date "2021.04.17"]
[Round "6"]
[White "vit_rosenbaum"]
[Black "penguinorodriguez"]
[Result "1-0"]
[WhiteElo "2248"]
[BlackElo "2538"]
[TimeControl "180+1"]
[EndTime "9:59:28 PDT"]
[Termination "Uživatel vit_rosenbaum zvítězil po vzdání soupeře"]

1. e4 e6 2. d4 d5 3. Nc3 Nf6 4. Bd3 c5 5. exd5 exd5 6. Nf3 Nc6 7. dxc5 Bxc5 8. Qe2+ Be7 9. O-O O-O 10. Bg5 Bg4 11.
Rad1 Nd4 12. Qe3 Nxf3+ 13. gxf3 Be6 14. Rfe1 d4 15. Qe5 dxc3 16. Bxh7+ Nxh7 17. Rxd8 Bxd8 18. Bxd8 Rfxd8 19. Qxc3 Nf6 20. Qb4 b6 21. c4 Rd4 22.
b3 Rad8 23. Qe7 R8d7 24. Qa3 Nh5 25. Qc1 Nf4 26. Qe3 Rd1 27. h4 R1d4 28. Kh2 Ng6 29.
Kg3 Rxh4 30. Qg5 Rh3+ 31. Kg2 Nh4+ 32. Kf1 Nxf3 33. Qg2 Nh4 34. Qa8+ Kh7 35. Qe4+ Bf5 36. Qc6 Rdd3 37. Re5 Rh2 38. Rxf5 Rd1+ 39. Ke2 Nxf5 40. Kxd1 Rxf2 41. Qe4 g6 42. Qh1+ Kg7 43. Qb7 Rxa2 44. Qd5 Ra5 45. Qd8 Re5 46. Kc2 Re6 47. Kc3 Rd6 48.
Qc7 Re6 49. Qxa7 g5 50. Qb7 g4 51. Qd5 Nh6 52. Qg5+ Rg6 53. Qd2 g3 54. Qg2 Nf5 55.
b4 Nh4 56. Qe4 g2 57. Qd4+ f6 58. Qd7+ Kh6 59. Qd2+ Rg5 60. Qd4 g1=Q 61. Qxh4+ Kg6 62. Qe4+ f5 63. Qe6+ Kh5 64. Qe2+ Qg4 65. Qh2+ Qh4 66. Qe2+ Kg6 67. Qe6+ Kh5 68. Qe2+ Rg4 69. Qe8+ Kg5 70. Qe3+ Rf4 71. Qe7+ Kg4 72. Qe2+ Rf3+ 73. Kd4 Qf6+ 74. Kd5 Qf7+ 75. Kc6 Qxc4+ 76. Qxc4+ Rf4 77. Qg8+ Kf3 78. b5 Rg4 79. Qd5+ Ke3 80. Qxf5 Re4 81. Qd5 Rd4 82. Qxd4+ Kxd4 83. Kxb6 1-0

[Event "Betsys MČR v online bleskovém šachu 2021"]
[Site "Chess.com"]
[Date "2021.04.17"]
[Round "6"]
[White "ghostdog777"]
[Black "VitaRasik"]
[Result "0-1"]
[WhiteElo "2244"]
[BlackElo "2611"]
[TimeControl "180+1"]
[EndTime "9:59:38 PDT"]
[Termination "Uživatel VitaRasik zvítězil matem"]

1. Nf3 g6 2. d4 Bg7 3. g3 Nf6 4. Bg2 O-O 5. O-O d6 6. c4 Nc6 7. Nc3 e5 8. dxe5 Nxe5 9. Nxe5 dxe5 10. Qxd8 Rxd8 11. Bg5 Rd4 12. b3 c6 13. Rfd1 Bg4 14.
h3 Be6 15. Be3 Rxd1+ 16. Rxd1 Bf8 17. Bg5 Bg7 18. Be3 h6 19. Na4 Nd7 20. Nc5 Nxc5 21.
Bxc5 Bf8 22. Be3 f5 23. h4 Kf7 24. Bf3 a5 25. a4 e4 26. Bg2 h5 27. Kf1 Be7 28. Bb6 Ra6 29. Bc7 Ra8 30. Bb6 Bb4 31.
e3 Be7 32. Ke2 Ke8 33. Bf1 Bd8 34. Bxd8 Rxd8 35. Rxd8+ Kxd8 36. Kd2 Kc7 37. Kc3 Kd6 38.
Kd4 b6 39. Kc3 Kc5 40. Be2 Bf7 41. Bf1 Bg8 42. Be2 Be6 43. Bf1 Bd7 44. Be2 Be8 45.
Bf1 Bf7 46. Be2 Kd6 47. Kd4 c5+ 48. Kc3 Ke5 49. Kd2 Kf6 50. Ke1 g5 51. Kf1 gxh4 52.
gxh4 f4 53. Kg1 Kf5 54. exf4 Kxf4 55. Kg2 Bg6 56. Bd1 e3 57. Kf1 Bd3+ 58. Be2 Bxe2+ 59. Kxe2 exf2 60. Kxf2 Kg4 61. Ke3 Kxh4 62. Kf4 Kh3 63. Kf3 h4 64. Kf2 Kg4 65. Kg2 Kf4 66. Kh3 Ke4 67. Kxh4 Kd4 68. Kg4 Kc3 69. Kf4 Kxb3 70. Ke4 Kxc4 71. Ke3 Kb4 72. Kd2 Kxa4 73. Kc2 Kb4 74.
Kb2 c4 75. Kc2 c3 76. Kb1 a4 77. Kc2 Kc4 78. Kb1 Kb3 79. Ka1 Kc4 80. Kb1 Kd3 81.
Kc1 c2 82. Kb2 Kd2 83. Ka2 b5 84. Kb2 c1=Q+ 85. Ka2 Qc2+ 86. Ka1 Qd1+ 87. Ka2 b4 88. Kb2 a3+ 89. Ka2 Qc2+ 90. Ka1 Qb2# 0-1

[Event "Betsys MČR v online bleskovém šachu 2021"]
[Site "Chess.com"]
[Date "2021.04.17"]
[Round "7"]
[White "JaraLinhart"]
[Black "Bancroft"]
[Result "1-0"]
[WhiteElo "1693"]
[BlackElo "1915"]
[TimeControl "180+1"]
[EndTime "10:06:28 PDT"]
[Termination "Uživatel JaraLinhart zvítězil po vzdání soupeře"]

1. e4 c5 2. Nf3 d6 3. c3 Nf6 4. Bd3 Nc6 5. Bc2 g6 6. d4 cxd4 7. cxd4 d5 8. e5 Ne4 9. Nc3 Bg4 10. Nxe4 dxe4 11. Bxe4 Bxf3 12. Bxf3 Qxd4 13. Bxc6+ 1-0

[Event "Betsys MČR v online bleskovém šachu 2021"]
[Site "Chess.com"]
[Date "2021.04.17"]
[Round "7"]
[White "pohoda1966"]
[Black "PavelNo"]
[Result "0-1"]
[WhiteElo "1729"]
[BlackElo "1974"]
[TimeControl "180+1"]
[EndTime "10:06:36 PDT"]
[Termination "Uživatel PavelNo zvítězil po vzdání soupeře"]

1. e4 c5 2. Nc3 e6 3. g3 Nc6 4. Bg2 g6 5. d3 Bg7 6. Nge2 Nge7 7. Be3 Nd4 8. Qd2 Rb8 9. a4 d6 10. O-O O-O 11. f4 Bd7 12. Nd1 Qc7 13. c3 Nb3 0-1

[Event "Betsys MČR v online bleskovém šachu 2021"]
[Site "Chess.com"]
[Date "2021.04.17"]
[Round "7"]
[White "Johanna94"]
[Black "Paulz64"]
[Result "1/2-1/2"]
[WhiteElo "2069"]
[BlackElo "2472"]
[TimeControl "180+1"]
[EndTime "10:07:09 PDT"]
[Termination "Remíza dohodou"]

1. d4 Nf6 2. c4 e6 3. Nf3 b6 4. g3 Ba6 5. b3 d5 6. Bg2 Bb4+ 7. Bd2 Be7 8. O-O O-O 9. Bc3 Nbd7 10. Nbd2 c5 11. e3 Rc8 12. Ne5 b5 1/2-1/2

[Event "Betsys MČR v online bleskovém šachu 2021"]
[Site "Chess.com"]
[Date "2021.04.17"]
[Round "7"]
[White "121pepa"]
[Black "kol340"]
[Result "0-1"]
[WhiteElo "1428"]
[BlackElo "1831"]
[TimeControl "180+1"]
[EndTime "10:07:16 PDT"]
[Termination "Uživatel kol340 zvítězil matem"]

1. d4 c6 2. c4 d5 3. Nc3 Nf6 4. Nf3 Bf5 5. e3 e6 6. Bd3 Bg6 7. O-O Bd6 8. a3 Nbd7 9. b4 Rc8 10. Bxg6 hxg6 11. c5 Bb8 12. Rb1 Ne4 13. Nxe4 dxe4 14.
Nd2 Bxh2+ 15. Kh1 Qh4 16. Nf3 exf3 17. Qxf3 Bg3+ 18. Kg1 Qh2# 0-1

[Event "Betsys MČR v online bleskovém šachu 2021"]
[Site "Chess.com"]
[Date "2021.04.17"]
[Round "7"]
[White "fera_v"]
[Black "Lukuluss88"]
[Result "1-0"]
[WhiteElo "2241"]
[BlackElo "2006"]
[TimeControl "180+1"]
[EndTime "10:07:20 PDT"]
[Termination "Uživatel fera_v zvítězil po vzdání soupeře"]

1. e4 d5 2. exd5 Qxd5 3. Nc3 Qa5 4. d4 c6 5. Bc4 Bf5 6. Nf3 e6 7. Bd2 Qc7 8. Qe2 Be7 9. O-O-O Nd7 10. Ne5 Nxe5 11.
dxe5 O-O-O 12. g4 Bg6 13. f4 h6 14. Rhf1 Bb4 15. f5 exf5 16. gxf5 Bh7 17. e6 fxe6 18.
Bxe6+ Kb8 19. Bf4 Bd6 20. Rxd6 Rxd6 21. Ne4 1-0

[Event "Betsys MČR v online bleskovém šachu 2021"]
[Site "Chess.com"]
[Date "2021.04.17"]
[Round "7"]
[White "JindrichT_JR_CZE"]
[Black "Ondre2836"]
[Result "0-1"]
[WhiteElo "967"]
[BlackElo "1244"]
[TimeControl "180+1"]
[EndTime "10:07:26 PDT"]
[Termination "Uživatel Ondre2836 zvítězil po vzdání soupeře"]

1. e4 d5 2. exd5 Qxd5 3. Nc3 Qa5 4. Nf3 Nf6 5. d4 Bg4 6. Bf4 Nc6 7. h3 Bh5 8. g4 Bg6 9. Nh4 O-O-O 10. Nxg6 hxg6 11. Qd2 Rxd4 12. Qe3 Nd5 13. Qf3 0-1

[Event "Betsys MČR v online bleskovém šachu 2021"]
[Site "Chess.com"]
[Date "2021.04.17"]
[Round "7"]
[White "TomasOrnet1"]
[Black "NikolaKusova"]
[Result "1/2-1/2"]
[WhiteElo "1496"]
[BlackElo "1076"]
[TimeControl "180+1"]
[EndTime "10:07:29 PDT"]
[Termination "Remíza dohodou"]

1. e4 e5 2. Bc4 Nf6 3. d3 Bc5 4. Nf3 Nc6 5. O-O O-O 6. Bg5 d6 7. Nc3 Re8 8. Nd5 Rf8 9. Bxf6 gxf6 10. Qd2 Kh8 11. Qh6 Rg8 12. Qxf6+ Qxf6 13. Nxf6 Rg6 14.
Nd5 Be6 1/2-1/2

[Event "Betsys MČR v online bleskovém šachu 2021"]
[Site "Chess.com"]
[Date "2021.04.17"]
[Round "7"]
[White "starypomalymuz"]
[Black "dino5517"]
[Result "1-0"]
[WhiteElo "1760"]
[BlackElo "1389"]
[TimeControl "180+1"]
[EndTime "10:07:31 PDT"]
[Termination "Uživatel starypomalymuz zvítězil matem"]

1. e4 e5 2. d4 exd4 3. c3 dxc3 4. Bc4 d6 5. Nf3 cxb2 6. Bxb2 Be6 7. Bxe6 fxe6 8.
Qb3 Nd7 9. Qxe6+ Qe7 10. Qc4 O-O-O 11. O-O Ngf6 12. Nc3 Ne5 13. Nxe5 Qxe5 14. Nd5 Qxe4 15. Qxc7# 1-0

[Event "Betsys MČR v online bleskovém šachu 2021"]
[Site "Chess.com"]
[Date "2021.04.17"]
[Round "7"]
[White "Newyork6"]
[Black "bumurubac"]
[Result "0-1"]
[WhiteElo "333"]
[BlackElo "1013"]
[TimeControl "180+1"]
[EndTime "10:07:32 PDT"]
[Termination "Uživatel bumurubac zvítězil matem"]

1. f4 e6 2. Nf3 Nf6 3. g3 Bc5 4. Bg2 Ng4 5. e3 O-O 6. O-O Nc6 7. h3 Nf6 8. d3 d6 9. h4 e5 10. g4 exf4 11. Qe2 Nxg4 12. Ng5 h6 13. Ne4 Qxh4 14. Nxc5 Qh2# 0-1

[Event "Betsys MČR v online bleskovém šachu 2021"]
[Site "Chess.com"]
[Date "2021.04.17"]
[Round "7"]
[White "Tah_na_g12"]
[Black "hvanacek"]
[Result "1-0"]
[WhiteElo "1182"]
[BlackElo "947"]
[TimeControl "180+1"]
[EndTime "10:07:41 PDT"]
[Termination "Uživatel Tah_na_g12 zvítězil matem"]

1. e4 e5 2. Nf3 Nc6 3. Bc4 d5 4. exd5 Nd4 5. Nxd4 exd4 6. Qf3 Qe7+ 7. Qe2 Qxe2+ 8.
Bxe2 d3 9. Bxd3 Bg4 10. O-O Bc5 11. Re1+ Kd8 12. Bc4 Kc8 13. d3 Kb8 14. Re8+ Bc8 15.
Bf4 Ne7 16. Rxh8 Ng8 17. d6 cxd6 18. Bxf7 Bxf2+ 19. Kxf2 Nf6 20. Bxd6# 1-0

[Event "Betsys MČR v online bleskovém šachu 2021"]
[Site "Chess.com"]
[Date "2021.04.17"]
[Round "7"]
[White "HerjoAnpe"]
[Black "AdeeJa"]
[Result "0-1"]
[WhiteElo "1232"]
[BlackElo "1613"]
[TimeControl "180+1"]
[EndTime "10:07:43 PDT"]
[Termination "Uživatel AdeeJa zvítězil matem"]

1. d4 Nf6 2. Nf3 g6 3. e3 Bg7 4. c3 d6 5. Bd3 O-O 6. Nbd2 Nc6 7. O-O e5 8. Qe2 Re8 9. dxe5 dxe5 10. Ne4 Nxe4 11. Bxe4 f5 12. Bxc6 bxc6 13. Rd1 Qe7 14. Ne1 Bb7 15. Nd3 c5 16. Bd2 Ba6 17. Re1 e4 18. Nf4 Bxe2 19. Rxe2 Red8 20. Be1 Rd6 21. f3 exf3 22. gxf3 Rad8 23. Bg3 Rd1+ 24. Rxd1 Rxd1+ 25. Kg2 Qd7 26. Kh3 g5 27. Ng2 f4# 0-1

[Event "Betsys MČR v online bleskovém šachu 2021"]
[Site "Chess.com"]
[Date "2021.04.17"]
[Round "7"]
[White "vozmenmarcel"]
[Black "misacz"]
[Result "1-0"]
[WhiteElo "1859"]
[BlackElo "1084"]
[TimeControl "180+1"]
[EndTime "10:07:49 PDT"]
[Termination "Uživatel vozmenmarcel zvítězil po vzdání soupeře"]

1. e4 e6 2. f4 d5 3. e5 c5 4. Nf3 Nc6 5. d3 Bd7 6. Nc3 Nh6 7. g3 Nf5 8. Bg2 Be7 9. O-O O-O 10. g4 Nfd4 11. Ne2 Nxe2+ 12. Qxe2 Qb6 13. c3 c4+ 14. d4 f6 15. Kh1 fxe5 16. dxe5 Qd8 17. Qf2 Bh4 18.
Qxh4 Qxh4 19. Nxh4 1-0

[Event "Betsys MČR v online bleskovém šachu 2021"]
[Site "Chess.com"]
[Date "2021.04.17"]
[Round "7"]
[White "kominekmart"]
[Black "Tomasn2003"]
[Result "1-0"]
[WhiteElo "1574"]
[BlackElo "1134"]
[TimeControl "180+1"]
[EndTime "10:07:56 PDT"]
[Termination "Uživatel kominekmart zvítězil po vzdání soupeře"]

1. e4 c5 2. Nf3 d6 3. c3 Nc6 4.
d4 cxd4 5. cxd4 Nf6 6. Be2 g6 7. O-O Nxe4 8. d5 Ne5 9. Qa4+ Bd7 10. Qxe4 Bg7 11. Nc3 Nxf3+ 12. Qxf3 h5 13. Bg5 Bg4 14. Qe3 Bxe2 15. Qxe2 Bxc3 16. bxc3 Rc8 17. Rfe1 Rc7 18. Qb5+ Qd7 19. Rxe7+ 1-0

[Event "Betsys MČR v online bleskovém šachu 2021"]
[Site "Chess.com"]
[Date "2021.04.17"]
[Round "7"]
[White "handlovskyjachym"]
[Black "Berzeger"]
[Result "1-0"]
[WhiteElo "1328"]
[BlackElo "1029"]
[TimeControl "180+1"]
[EndTime "10:08:04 PDT"]
[Termination "Uživatel handlovskyjachym zvítězil po vzdání soupeře"]

1. e4 e5 2. Nf3 Nc6 3. Bc4 Bc5 4.
d3 d6 5. h3 Nf6 6. Bg5 h6 7.
Bh4 O-O 8. Nc3 Be6 9. Bb3 Bxb3 10.
axb3 a6 11. Nd5 Nd4 12. O-O g5 13. Nxg5 hxg5 14. Bxg5 Qd7 15. Nxf6+ 1-0

[Event "Betsys MČR v online bleskovém šachu 2021"]
[Site "Chess.com"]
[Date "2021.04.17"]
[Round "7"]
[White "Devasales"]
[Black "tryskomys"]
[Result "0-1"]
[WhiteElo "1654"]
[BlackElo "1556"]
[TimeControl "180+1"]
[EndTime "10:08:05 PDT"]
[Termination "Uživatel tryskomys zvítězil po vzdání soupeře"]

1. e4 e5 2. Nf3 Nc6 3. Bb5 a6 4. Ba4 Nf6 5. O-O Nxe4 6. Re1 Nc5 7. Nxe5 Nxe5 8. Rxe5+ Be7 9. Bb3 Nxb3 10. axb3 O-O 11. Nc3 Bf6 12. Re1 d5 13. d3 c5 14. Qf3 Be6 15. Bd2 Qd7 16. Re2 Bg4 17. Qg3 Bxe2 18. Bh6 Bh5 0-1

[Event "Betsys MČR v online bleskovém šachu 2021"]
[Site "Chess.com"]
[Date "2021.04.17"]
[Round "7"]
[White "sachmaty8"]
[Black "OndrejBorkovec"]
[Result "1-0"]
[WhiteElo "1827"]
[BlackElo "1507"]
[TimeControl "180+1"]
[EndTime "10:08:07 PDT"]
[Termination "Uživatel sachmaty8 zvítězil matem"]

1. e4 e6 2. d4 d5 3. Nc3 dxe4 4. Nxe4 Nf6 5. Bd3 b6 6. c3 Bb7 7. Qe2 Nc6 8. f4 Qd7 9. Nf3 O-O-O 10. O-O Be7 11.
b4 Nxe4 12. Bxe4 f5 13. Bd3 h6 14. a4 g5 15. a5 g4 16. Ne5 Nxe5 17. Qxe5 Bd6 18. Qe2 h5 19. Bc4 Rde8 20. Re1 Qg7 21. axb6 cxb6 22. Rxa7 Qf6 23. Ba6 Bxa6 24. Qxa6+ Kd8 25.
Qxb6+ Kc8 26. Qb7+ Kd8 27. Qd7# 1-0

[Event "Betsys MČR v online bleskovém šachu 2021"]
[Site "Chess.com"]
[Date "2021.04.17"]
[Round "7"]
[White "psvoboda72"]
[Black "JosefBara"]
[Result "1-0"]
[WhiteElo "1719"]
[BlackElo "1308"]
[TimeControl "180+1"]
[EndTime "10:08:07 PDT"]
[Termination "Uživatel psvoboda72 zvítězil po vzdání soupeře"]

1. Nf3 e6 2. b3 d5 3. Bb2 c5 4. e3 Nc6 5. Bb5 Bd7 6. Bxc6 Bxc6 7. O-O Nf6 8. d3 Be7 9. Ne5 Bd7 10. Nd2 O-O 11.
f4 Bd6 12. Ng4 Nxg4 13. Qxg4 g6 14. Qh3 e5 15. g4 d4 16. Ne4 Be7 17. fxe5 Qc8 18.
Nf6+ Bxf6 19. exf6 Bxg4 20. Qh6 1-0

[Event "Betsys MČR v online bleskovém šachu 2021"]
[Site "Chess.com"]
[Date "2021.04.17"]
[Round "7"]
[White "vasekpaulus"]
[Black "petiva3"]
[Result "1-0"]
[WhiteElo "2054"]
[BlackElo "1405"]
[TimeControl "180+1"]
[EndTime "10:08:18 PDT"]
[Termination "Uživatel vasekpaulus zvítězil matem"]

1. e4 e5 2. Nf3 Nc6 3. Bb5 d6 4. O-O a6 5. Ba4 b5 6. Bb3 Bb7 7. c3 Nf6 8. Re1 Be7 9. d4 exd4 10. cxd4 O-O 11. Nc3 Qd7 12. h3 h6 13.
a3 Nh7 14. Bf4 Rae8 15. Qd2 g5 16. Bg3 Kh8 17. Bc2 Bf6 18. Qd3 g4 19. e5 Ng5 20.
Nxg5 Bxg5 21. Qh7# 1-0

[Event "Betsys MČR v online bleskovém šachu 2021"]
[Site "Chess.com"]
[Date "2021.04.17"]
[Round "7"]
[White "Vojta0007"]
[Black "Tynano"]
[Result "0-1"]
[WhiteElo "1480"]
[BlackElo "1977"]
[TimeControl "180+1"]
[EndTime "10:08:34 PDT"]
[Termination "Uživatel Tynano zvítězil matem"]

1. d4 Nf6 2. c4 g6 3. Nc3 d5 4. cxd5 Nxd5 5. e4 Nxc3 6. bxc3 Bg7 7. Nf3 c5 8. Bb2 Qa5 9. Qd2 Nc6 10. Be2 Bg4 11.
d5 Bxf3 12. Bxf3 Ne5 13. Be2 O-O 14. O-O f5 15. f3 f4 16. Rfd1 c4 17. Qe1 Qb6+ 18.
Qf2 Qxb2 19. Rdb1 Qxc3 20. Rc1 Qe3 21. Qxe3 fxe3 22. Rab1 Rfc8 23. Rxb7 Nd3 24. Rd1 Bd4 25. Kh1 Nf2+ 26. Kg1 Nxd1 27. Bxd1 e2+ 28. Kh1 exd1=Q# 0-1

[Event "Betsys MČR v online bleskovém šachu 2021"]
[Site "Chess.com"]
[Date "2021.04.17"]
[Round "7"]
[White "VojtaT"]
[Black "Dale00007"]
[Result "1-0"]
[WhiteElo "1736"]
[BlackElo "1405"]
[TimeControl "180+1"]
[EndTime "10:08:41 PDT"]
[Termination "Uživatel VojtaT zvítězil matem"]

1. e4 c5 2. Nf3 d6 3. d4 cxd4 4. Nxd4 Nf6 5. Nc3 a6 6. Bg5 e6 7.
f4 Be7 8. Qf3 O-O 9. Be2 Qc7 10.
O-O Re8 11. Rad1 Nc6 12. Nxc6 Qxc6 13. e5 Qxf3 14. Bxf3 dxe5 15. fxe5 Nd5 16. Nxd5 Bxg5 17. Nc7 Be3+ 18. Kh1 Re7 19. Rd8+ Re8 20. Rxe8# 1-0

[Event "Betsys MČR v online bleskovém šachu 2021"]
[Site "Chess.com"]
[Date "2021.04.17"]
[Round "7"]
[White "keram91"]
[Black "tondapesek"]
[Result "0-1"]
[WhiteElo "753"]
[BlackElo "1035"]
[TimeControl "180+1"]
[EndTime "10:08:52 PDT"]
[Termination "Uživatel tondapesek zvítězil po vzdání soupeře"]

1. d4 d5 2. Nc3 Nf6 3. f3 Bf5 4. g4 Bg6 5. Bf4 Nc6 6. g5 Nd7 7. Bh3 e6 8. a3 Bd6 9. Bxd6 cxd6 10. f4 a6 11. Nf3 Be4 12. Rf1 Bxf3 13. Rxf3 O-O 14. g6 fxg6 15. Bxe6+ Kh8 16. Nxd5 Qh4+ 17. Rf2 Nf6 18. Nxf6 Rxf6 19. Qd2 Raf8 20. O-O-O Qxf2 21. Bd5 Qxf4 22. Bxc6 bxc6 23. Qxf4 Rxf4 24. a4 Rf1 25. h4 Rxd1+ 26. Kxd1 Rf4 27. Kd2 Rxd4+ 28. Kc3 Rxa4 29. b3 Rxh4 30. e3 g5 31. Kd3 g4 32. Ke2 g3 33.
Kf1 Re4 34. Kg2 Rxe3 35. c4 Rxb3 36. c5 dxc5 37. Kg1 c4 38. Kg2 c3 0-1